 Dungeon Crawl Stone Soup version 0.23.2-40-g277498a (webtiles) character file.

Game seed: 8637461683204698198

64933 Fang the Fighter (level 15, -3/151 HPs)
             Began as a Gargoyle Berserker on Sept 3, 2019.
             Was the Champion of Trog.
             Slain by a 12-headed hydra (4 damage)
             ... on level 6 of the Lair of Beasts.
             The game lasted 00:22:20 (22326 turns).

Fang the Fighter (Gargoyle Berserker)              Turns: 22326, Time: 00:22:21

Health: -3/151     AC: 39    Str: 38    XL:     15   Next: 14%
Magic:  5/5        EV: 14    Int:  5    God:    Trog [******]
Gold:   1307       SH:  0    Dex: 10    Spells: 14/14 levels left

rFire    . . .     SeeInvis .   s - +4 executioner's axe (antimagic)
rCold    . . .     Gourm    .   (shield currently unavailable)
rNeg     + + .     Faith    .   b - +0 plate armour
rPois    ∞         Spirit   .   B - +2 helmet
rElec    +         Reflect  .   E - +2 cloak {MR+}
rCorr    +         Harm     .   F - +2 pair of gloves of the Final People {rN+ rCorr Str+4 Dex-4}
MR       ++...                  (no boots)
Stlth    ..........             (no amulet)
HPRegen  0.35/turn              y - ring of Uhehuf {rCorr Str+2 Int-3 Dex+5}
MPRegen  0.09/turn              v - +1 ring of protection

@: berserking, flying, very quick
A: big wings, negative energy resistance 1, electricity resistance, unbreathing,
petrification resistance, rot immunity, AC +11
a: Stop Flying, Berserk, Trog's Hand, Brothers in Arms, Renounce Religion


You were on level 6 of the Lair of Beasts.
You worshipped Trog.
Trog was exalted by your worship.
You were very hungry.

You visited 3 branches of the dungeon, and saw 19 of its levels.
You also visited: Gauntlet.

You collected 1307 gold pieces.

Inventory:

Hand Weapons
 a - a +1 battleaxe of chopping
 k - a +2 hand axe of flaming
 s - a +4 antimagic executioner's axe (weapon)
 w - a +5 battleaxe of chopping
 K - a +3 broad axe of electrocution
Armour
 b - a +0 plate armour (worn)
 B - a +2 helmet (worn)
 C - a scarf of resistance
 E - a +2 cloak of magic resistance (worn)
 F - the +2 pair of gloves of the Final People (worn) {rN+ rCorr Str+4 Dex-4}
   (You found it in a Gauntlet)

   It affects your strength (+4).
   It affects your dexterity (-4).
   It protects you from negative energy.
   It provides partial protection from all sources of acid and corrosion.
Jewellery
 v - a +1 ring of protection (right hand)
 x - an uncursed ring of stealth
 y - the ring of Uhehuf (left hand) {rCorr Str+2 Int-3 Dex+5}
   (You found it on level 6 of the Dungeon)

   [ring of resist corrosion]

   It affects your strength (+2).
   It affects your intelligence (-3).
   It affects your dexterity (+5).
Wands
 d - a wand of paralysis (9)
 e - a wand of disintegration (54)
 q - a wand of polymorph (14)
 t - a wand of iceblast (15)
 H - a wand of acid (9)
Scrolls
 f - a scroll of blinking {unknown}
 g - 6 scrolls of teleportation
 j - 8 scrolls of remove curse
 r - 2 scrolls of holy word
 u - 3 scrolls of fear
 A - 2 scrolls of fog
 D - 4 scrolls of identify
 G - 2 scrolls of magic mapping {unknown}
 I - a scroll of acquirement {unknown}
 L - a scroll of enchant weapon
Potions
 h - 7 potions of curing
 i - 5 potions of mutation
 l - a potion of invisibility
 m - a potion of cancellation
 n - 5 potions of heal wounds
 o - a potion of haste
 p - a potion of agility
 z - 5 potions of might
 M - a potion of magic {unknown}
Comestibles
 c - 30 rations
 J - 10 chunks of flesh


   Skills:
 + Level 14.4 Fighting
 + Level 12.4 Axes
 + Level 14.2 Armour
 + Level 11.3 Dodging


You had 14 spell levels left.
You didn't know any spells.
Your spell library was empty.

Dungeon Overview and Level Annotations

Branches:
Dungeon (12/15)            Temple (1/1) D:6            Lair (6/6) D:8
 Shoals (0/4) Lair:2       Spider (0/4) Lair:3
  Slime: Lair:5-6       Orc: D:9-12

Altars:
Elyvilon
Vehumet
The Shining One

Shops:
D:5 }[((

Portals:
Bazaar: D:11
Trove: D:10 (give +3 fire dragon scales)

Annotations:
D:4 1 runed translucent door
D:11 exclusion: obsidian statue
D:12 Urug
Lair:3 exclusion: oklob plant
Lair:5 exclusion: 3 oklob plants


Innate Abilities, Weirdness & Mutations

You are resistant to torment.
Your stone body is resilient. (AC +11)
You are immune to poison.
Your large and strong wings let you fly indefinitely.
You resist negative energy. (rN+)
You are resistant to electric shocks. (rElec)
You can survive without breathing.
You are immune to petrification.
You are immune to rotting.


Message History

The 11-headed hydra is severely wounded.
The 11-headed hydra bites you but does no damage. x3
The 11-headed hydra closely misses you.
The 11-headed hydra bites you but does no damage. x3
The 11-headed hydra barely misses you. The 11-headed hydra misses you.
The 11-headed hydra closely misses you. The 11-headed hydra misses you.
You chop one of the 11-headed hydra's heads off!
The ten-headed hydra grows two more!
You slice the 12-headed hydra!!
The 12-headed hydra is almost dead.
The 12-headed hydra bites you.
* * * LOW HITPOINT WARNING * * *
The 12-headed hydra bites you but does no damage.
The 12-headed hydra bites you!
* * * LOW HITPOINT WARNING * * *
The 12-headed hydra bites you but does no damage.
The 12-headed hydra bites you.
* * * LOW HITPOINT WARNING * * *
The 12-headed hydra bites you but does no damage. x5
The 12-headed hydra misses you. The 12-headed hydra bites you.
You die...

.............. ##
........................
.......................#
....................#..=
...÷÷................#..
......................
....................#
.................D.##..#
................@.......
........................
#P####......##.P....#..#
### ##.#.##.###P......#
#####.## ####..... ###
#####


You could see a 12-headed hydra.

Vanquished Creatures
  A minotaur (Gauntlet)
  Josephine (Lair:5)
  A catoblepas (Lair:3)
  Erolcha (D:11)
  7 hydras
  3 two-headed ogres
  Erica (D:9)
  A hell hog (Gauntlet)
  Nergalle (D:12)
  2 unseen horrors
  Pikel (D:5)
  A cyclops (D:11)
  2 manticores (D:11)
  5 elephants (Lair:4)
  Joseph (D:10)
  6 black mambas
  2 minotaur zombies (Gauntlet)
  2 torpor snails
  7 komodo dragons
  27 spiny frogs
  A kobold demonologist (D:12)
  2 rime drakes
  A centaur skeleton (D:11)
  The ghost of Morgon the Cutter, a novice VSMo (D:5)
  2 polar bears
  2 trolls
  Grinder (D:6)
  3 hornets (Lair:4)
  4 tyrant leeches
  19 blink frogs
  A snapping turtle (Lair:2)
  9 hippogriffs
  2 dream sheep (Lair:2)
  11 spriggans (Lair:4)
  Sigmund (D:6)
  3 wraiths (Lair:5)
  56 yaks
  A hungry ghost (D:9)
  3 fire bats (Gauntlet)
  A steam dragon (D:10)
  2 wyverns
  2 basilisks (Lair:4)
  4 vampire mosquitoes (Lair:6)
  Menkaure (D:6)
  3 swamp worms (Gauntlet)
  18 water moccasins
  2 hell hounds (Gauntlet)
  Duvessa (D:5)
  13 porcupines
  2 orc warriors
  2 sky beasts
  2 hornet zombies
  2 ice beasts
  A black bear (D:10)
  A slave (D:5)
  2 phantoms
  4 ogres
  A boggart (Lair:4)
  22 wolves
  9 centaurs
  2 necrophages (D:5)
  17 crocodiles
  2 big kobolds
  23 bullfrogs
  A gnoll sergeant (D:8)
  11 scorpions
  9 killer bees (D:9)
  9 wights
  A howler monkey (D:5)
  2 electric eels
  A bullfrog zombie (D:11)
  3 crimson imps
  2 bullfrog skeletons
  9 orc priests
  7 orc wizards
  Crazy Yiuf (D:2)
  4 hounds
  5 iguanas
  Jessica (D:3)
  11 worker ants
  Natasha (thrice) (D:2)
  A hound skeleton (D:9)
  3 worker ant zombies
  20 adders
  7 gnolls
  2 shadow imps
  2 oozes
  An adder zombie (D:5)
  A worm (D:3)
  A dart slug (D:2)
  3 leopard geckos
  38 orcs
  2 ball pythons
  11 giant cockroaches
  10 goblins
  12 hobgoblins
  20 jackals
  5 quokkas
  8 bats
  5 frilled lizards
  A jackal skeleton (D:4)
  A jackal zombie (D:5)
  10 kobolds
  2 leopard gecko skeletons
  A leopard gecko zombie (D:5)
  A quokka zombie (D:7)
  4 rats
  A bush (Lair:4)
  4 fungi
  8 plants
600 creatures vanquished.

Vanquished Creatures (collateral kills)
  A spiny frog (Lair:6)
  A tyrant leech (Lair:6)
  A spriggan (Lair:4)
  2 vampire mosquitoes (Lair:6)
  2 boggarts (Lair:4)
7 creatures vanquished.

Vanquished Creatures (others)
  Dowan (D:5)
  An adder zombie (D:5)
  13 fungi
  41 plants
56 creatures vanquished.

Grand Total: 663 creatures vanquished

Notes
Turn   | Place    | Note
-------+----------+-------------------------------------------
     0 | D:1      | Fang the Gargoyle Berserker began the quest for the Orb.
     0 | D:1      | Reached XP level 1. HP: 14/14 MP: 1/1
   198 | D:1      | Reached XP level 2. HP: 14/19 MP: 2/2
   822 | D:2      | Reached XP level 3. HP: 23/23 MP: 3/3
   934 | D:2      | Reached ** piety under Trog
   989 | D:2      | Found a runed translucent door.
   990 | D:2      | Noticed Crazy Yiuf
  1323 | D:2      | Noticed Natasha
  1328 | D:2      | Reached XP level 4. HP: 15/29 MP: 4/4
  1332 | D:2      | Killed Natasha
  1741 | D:2      | Reached XP level 5. HP: 24/33 MP: 5/5
  1985 | D:2      | Noticed Natasha
  2003 | D:2      | Killed Natasha
  2102 | D:2      | Noticed Natasha
  2108 | D:2      | Killed Natasha
  2609 | D:2      | Killed Crazy Yiuf
  2887 | D:3      | Reached XP level 6. HP: 10/39 MP: 6/6
  3677 | D:3      | Reached skill level 5 in Fighting
  3693 | D:3      | Noticed Jessica
  3704 | D:3      | Killed Jessica
  3704 | D:3      | Reached XP level 7. HP: 43/44 MP: 7/7
  3865 | D:3      | Reached *** piety under Trog
  4541 | D:4      | Reached skill level 5 in Armour
  4932 | D:4      | Reached XP level 8. HP: 11/51 MP: 8/8
  5188 | D:4      | Found a white marble altar of Elyvilon.
  5188 | D:4      | Noticed an angel
  5189 | D:4      | Found a runed translucent door.
  5592 | D:5      | Entered Level 5 of the Dungeon
  5592 | D:5      | Found Hijocem's Antique Weapon Shoppe.
  5592 | D:5      | Found Paum's Antique Armour Shop.
  5740 | D:5      | Reached skill level 5 in Axes
  5789 | D:5      | Found Reset's Antique Weapon Shoppe.
  6208 | D:5      | Found Xaikosaq's Gadget Shoppe.
  6317 | D:5      | Found a runed translucent door.
  6318 | D:5      | Noticed Morgon's ghost (novice VSMo)
  6360 | D:5      | Killed Morgon's ghost
  6360 | D:5      | Reached XP level 9. HP: 56/56 MP: 9/9
  6412 | D:5      | Noticed Pikel
  6413 | D:5      | Noticed Dowan
  6421 | D:5      | Noticed Duvessa
  6422 | D:5      | Killed Pikel
  6422 | D:5      | Reached skill level 5 in Dodging
  6424 | D:5      | Killed Dowan
  6430 | D:5      | Killed Duvessa
  6741 | D:6      | Found a staircase to the Ecumenical Temple.
  6754 | D:6      | Reached **** piety under Trog
  6810 | D:6      | Got a scintillating ivory ring
  6838 | Temple   | Entered the Ecumenical Temple
  7040 | D:6      | Found a radiant altar of Vehumet.
  7088 | D:6      | Noticed Sigmund
  7088 | D:6      | Noticed Menkaure
  7095 | D:6      | Noticed Grinder
  7098 | D:6      | Killed Menkaure
  7104 | D:6      | Killed Sigmund
  7113 | D:6      | Killed Grinder
  7395 | D:6      | Reached XP level 10. HP: 53/64 MP: 10/10
  7640 | D:7      | Identified the ring of Uhehuf {rCorr Str+2 Int-3 Dex+5}
                  | (You found it on level 6 of the Dungeon)
  8519 | D:8      | Reached ***** piety under Trog
  9038 | D:8      | Identified the +9 fustibalus of Conflict {freeze, MR+}
  9326 | D:8      | Found a staircase to the Lair.
  9773 | Lair:1   | Entered Level 1 of the Lair of Beasts
  9938 | D:9      | Noticed Erica
  9960 | D:9      | Killed Erica
  9960 | D:9      | Reached XP level 11. HP: 46/72 MP: 11/11
 10173 | D:9      | Noticed a two-headed ogre
 10182 | D:9      | Killed a two-headed ogre
 10182 | D:9      | Reached skill level 10 in Fighting
 10596 | D:10     | Entered Level 10 of the Dungeon
 10598 | D:10     | Found a portal to a secret trove of treasure.
 10763 | D:10     | Noticed Joseph
 10770 | D:10     | Paralysed by Joseph for 4 turns
 10781 | D:10     | Killed Joseph
 10781 | D:10     | Reached skill level 10 in Armour
 10921 | D:10     | Killed an unseen horror
 10996 | D:10     | Noticed a two-headed ogre
 11002 | D:10     | Killed a two-headed ogre
 11474 | D:11     | Noticed a manticore
 11484 | D:11     | Killed a manticore
 11629 | D:11     | Reached XP level 12. HP: 57/79 MP: 12/12
 12848 | D:11     | Found a gateway to a bazaar.
 13199 | D:12     | Noticed Nergalle
 13215 | D:12     | Noticed Urug
 13226 | D:12     | Killed Nergalle
 13625 | D:11     | Noticed a two-headed ogre
 13634 | D:11     | Killed a two-headed ogre
 13681 | D:11     | Received a gift from Trog
 13778 | D:11     | Noticed Erolcha
 13784 | D:11     | Killed Erolcha
 14197 | Lair:1   | Reached skill level 10 in Axes
 14878 | Lair:2   | Found a glowing golden altar of the Shining One.
 14896 | Lair:2   | Noticed an eight-headed hydra
 14904 | Lair:2   | Killed a 12-headed hydra
 14911 | Lair:2   | Reached XP level 13. HP: 17/86 MP: 4/13
 15412 | Lair:2   | Found a staircase to the Shoals.
 15801 | Lair:3   | Received a gift from Trog
 16064 | Lair:3   | Found a hole to the Spider Nest.
 17321 | Lair:4   | Found a gate leading to a gauntlet.
 17336 | Lair:4   | Reached skill level 10 in Dodging
 17372 | Gauntlet | Entered a Gauntlet
 17372 | Gauntlet | Found a transporter.
 17382 | Gauntlet | Found a transporter.
 17384 | Gauntlet | Found a transporter.
 17388 | Gauntlet | Found a transporter.
 17389 | Gauntlet | Found a transporter.
 17390 | Gauntlet | Found a large runed translucent door.
 17391 | Gauntlet | Found a transporter.
 17391 | Gauntlet | Found a large runed translucent door.
 17392 | Gauntlet | Found a large runed translucent door.
 17392 | Gauntlet | Found a large runed translucent door.
 17392 | Gauntlet | Found a runed translucent door.
 17393 | Gauntlet | Found a large runed translucent door.
 17393 | Gauntlet | Found a runed translucent door.
 17394 | Gauntlet | Found a large runed translucent door.
 17398 | Gauntlet | Found a runed translucent door.
 17398 | Gauntlet | Found a large runed translucent door.
 17398 | Gauntlet | Found a large runed translucent door.
 17401 | Gauntlet | Found a runed translucent gate.
 17402 | Gauntlet | Found a transporter.
 17412 | Gauntlet | Found a runed translucent gate.
 17412 | Gauntlet | Found a transporter.
 17413 | Gauntlet | Found a runed translucent gate.
 17413 | Gauntlet | Found a runed translucent door.
 17419 | Gauntlet | Found a large runed translucent door.
 17419 | Gauntlet | Found a large runed translucent door.
 17420 | Gauntlet | Found a large runed translucent door.
 17421 | Gauntlet | Found a large runed translucent door.
 17431 | Gauntlet | Found a large runed translucent door.
 17431 | Gauntlet | Found a large runed translucent door.
 17432 | Gauntlet | Found a large runed translucent door.
 17433 | Gauntlet | Found a large runed translucent door.
 17443 | Gauntlet | Noticed a great orb of eyes
 17448 | Gauntlet | Noticed an azure jelly
 17448 | Gauntlet | a great orb of eyes changed into an azure jelly
 17456 | Gauntlet | Noticed a minotaur
 17456 | Gauntlet | an azure jelly changed into a minotaur
 17464 | Gauntlet | Noticed a dire elephant
 17467 | Gauntlet | a dire elephant changed into a five-headed hydra
 17468 | Gauntlet | Noticed an ettin
 17468 | Gauntlet | a five-headed hydra changed into an ettin
 17482 | Gauntlet | Found a transporter.
 17485 | Gauntlet | Found a transporter.
 17490 | Gauntlet | Found a transporter.
 17504 | Gauntlet | Found a transporter.
 17949 | Gauntlet | Got a pair of ichor-stained gloves
 17958 | Gauntlet | Identified the +2 pair of gloves of the Final People {rN+
                  | rCorr Str+4 Dex-4} (You found it in a Gauntlet)
 17989 | Gauntlet | Noticed a minotaur
 18003 | Gauntlet | Killed a minotaur
 18695 | Lair:4   | Gained mutation: Your large and strong wings let you fly
                  | indefinitely. [Gargoyle growth]
 18695 | Lair:4   | Reached XP level 14. HP: 54/94 MP: 4/14
 19489 | Lair:4   | Received a gift from Trog
 19750 | Lair:5   | Noticed Josephine
 19763 | Lair:5   | Killed Josephine
 20810 | Lair:6   | Entered Level 6 of the Lair of Beasts
 21486 | Lair:6   | Reached ****** piety under Trog
 21681 | Lair:6   | Received a gift from Trog
 21742 | Lair:6   | Reached XP level 15. HP: 45/100 MP: 5/15
 22326 | Lair:6   | HP: 2/151 [12-headed hydra (7)]
 22326 | Lair:6   | Slain by a 12-headed hydra

Skill      XL: |  1  2  3  4  5  6  7  8  9 10 11 12 13 14 |
---------------+-------------------------------------------+-----
Axes           | 3 4 5 6 8 9 10 11 12 | 12.4
Dodging        | 2 3 4 5 7 8 9 10 11 | 11.3
Fighting       | 4 5 6 8 9 10 12 13 14 | 14.4
Armour         | 3 4 5 6 7 9 10 11 12 14 | 14.2

Action                   |  1- 3 |  4- 6 |  7- 9 | 10-12 | 13-15 || total
-------------------------+-------+-------+-------+-------+-------++-------
Melee: Hand axe          |   100 |   174 |   173 |   168 |       ||   615
       War axe           |       |    79 |   206 |       |       ||   285
       Battleaxe         |       |       |       |   425 |       ||   425
       Executioner's axe |       |       |       |   110 |   869 ||   979
Invok: Berserk           |       |     4 |     5 |    11 |     7 ||    27
       Trog's Hand       |       |       |       |     1 |       ||     1
       Brothers in Arms  |       |       |       |       |     2 ||     2
 Abil: Fly               |       |       |       |       |     1 ||     1
  Use: Scroll            |       |       |     5 |    16 |     6 ||    27
       Potion            |       |       |       |     1 |       ||     1
 Stab: Sleeping          |     2 |       |       |       |       ||     2
  Eat: Chunk             |     1 |     9 |    17 |    28 |    27 ||    82
       Ration            |       |     1 |       |     3 |     2 ||     6
Armor: Animal skin       |    32 |    33 |       |       |       ||    65
       Chain mail        |       |   103 |   259 |   633 |   318 ||  1313
       Plate armour      |       |       |       |       |   814 ||   814
Dodge: Dodged            |    77 |   119 |   205 |   700 |  1062 ||  2163
